 Dungeon Crawl Stone Soup version 0.26-a0-651-gb41185065b (webtiles) character file.

Game seed: 956063528614861206

2659 grandjackal the Warmonger (level 9, -1/73 HPs)
             Began as a Demonspawn Hedge Wizard on Sept 29, 2020.
             Was an Elder of Okawaru.
             Splashed by a jelly's acid (6 damage)
             ... on level 7 of the Dungeon.
             The game lasted 00:09:56 (7577 turns).

grandjackal the Warmonger (Demonspawn Hedge Wizard) Turns: 7577, Time: 00:09:57

Health: -1/73      AC:  3    Str: 17    XL:     9   Next: 36%
Magic:  14/14      EV: 11    Int: 17    God:    Okawaru [****..]
Gold:   367        SH:  0    Dex: 13    Spells: 3/14 levels left

rFire    . . .     SeeInvis .   u - +9 spear of the Spectre {flame, Str+4 Int-5}
rCold    + . .     Faith    .   (no shield)
rNeg     . . .     Spirit   .   g - +0 ring mail
rPois    +         Reflect  .   c - +0 hat
rElec    .         Harm     .   (no cloak)
rCorr    .         Rampage  .   (no gloves)
MR       .....                  (no boots)
Stlth    +.........             (no amulet)
HPRegen  0.22/turn              k - +6 ring of intelligence
MPRegen  0.14/turn              i - ring of poison resistance

@: corroded
A: horns 1, rugged brown scales 1, cold resistance 1, spiny 1, freezing cloud
immunity
a: Heroism, Renounce Religion


You were on level 7 of the Dungeon.
You worshipped Okawaru.
Okawaru was greatly pleased with you.
You visited 1 branch of the dungeon, and saw 9 of its levels.

You collected 367 gold pieces.

Inventory:

Hand Weapons
 u - the +9 spear of the Spectre (weapon) {flame, Str+4 Int-5}
   (You found it on level 5 of the Dungeon)

   It has been specially enchanted to burn those struck by it, causing extra
   injury to most foes and up to half again as much damage against particularly
   susceptible opponents.
   It affects your strength (+4).
   It affects your intelligence (-5).
 v - a cursed -2 spear
Missiles
 b - 3 curare-tipped darts (quivered)
Armour
 c - a +0 hat (worn)
 g - a +0 ring mail (worn)
Jewellery
 i - a ring of poison resistance (right hand)
 k - a +6 ring of intelligence (left hand)
 y - an uncursed ring of wizardry {unknown}
 B - a +4 ring of protection {unknown}
Wands
 x - a wand of paralysis (8)
Scrolls
 a - 5 scrolls of remove curse
 f - a scroll of fear {unknown}
 h - a scroll of fog {unknown}
 j - a scroll of magic mapping {unknown}
 m - a scroll of amnesia {unknown}
 p - a scroll of noise {unknown}
 r - a scroll of random uselessness {unknown}
 s - a scroll of teleportation {unknown}
 t - a scroll of enchant weapon {unknown}
 w - a scroll of immolation
Potions
 d - 2 potions of curing
 e - a potion of flight
 l - 2 potions of heal wounds
 n - a potion of haste
 o - 4 potions of magic
 q - a potion of lignification
 z - 2 potions of berserk rage {unknown}
 A - a potion of cancellation {unknown}


   Skills:
 + Level 6.4 Fighting
 + Level 5.7 Armour
 - Level 1.7 Dodging
 - Level 1.7 Stealth
 - Level 3.0 Spellcasting
 + Level 6.5 Conjurations
 - Level 1.0 Summonings
 - Level 0.8 Translocations
 + Level 7.9 Invocations


You had 3 spell levels left.
You knew the following spells:

 Your Spells              Type           Power        Failure   Level
a - Magic Dart            Conj           ###.         1%          1
b - Call Imp              Summ           #.......     30%         2
c - Blink                 Tloc           N/A          32%         2
d - Conjure Flame         Conj/Fire      ##......     24%         3
e - Mephitic Cloud        Conj/Pois/Air  #.......     36%         3

Your spell library contained the following spells:

 Spells                   Type           Power        Failure   Level
 Slow                     Hex            #.......     41%         2


Dungeon Overview and Level Annotations

Branches:
Dungeon (9/15)
 Temple: D:4-7         Lair: D:8-11         Orc: D:9-12

Altars:
Ashenzari
Fedhas
Hepliaklqana
Nemelex Xobeh
Okawaru
Qazlal
Trog
Uskayaw
Vehumet
Yredelemnul
The Shining One


Innate Abilities, Weirdness & Mutations

You have a pair of small horns on your head.
You are partially covered in rugged brown scales. (AC +1, +3% HP)
Your flesh is cold resistant. (rC+)
You are partially covered in sharp spines.
You are immune to freezing clouds.


Message History

The magic dart hits you but does no damage.
You hit the orc wizard. You burn the orc wizard.
Your headbutt misses the orc wizard.
The orc wizard is almost dead.
The orc wizard casts a spell at you. The puff of frost hits you. You resist.
* * * LOW HITPOINT WARNING * * *
The jelly barely misses you.
You puncture the orc wizard! You burn the orc wizard.
You kill the orc wizard!
Okawaru accepts your kill. The jelly hits you.
* * * LOW HITPOINT WARNING * * *
The acid corrodes you!
You are splashed with acid!
* * * LOW HITPOINT WARNING * * *
The jelly is struck by your spines. The jelly hits you but does no damage.
The jelly hits you.
* * * LOW HITPOINT WARNING * * *
You are splashed with acid.
You die...

### ..#
###.#########.#
......)$......#
##....)).)##..#
#..#####.##.J# ### #.
#.##.@## ##...#
#.##...##########.# #.
#.###.............###.
#.# #...#########.##.)
#.# #.................
#...###########..)
...^.# #.... ####..#
#.### ...# #.#


You could see a jelly.

Vanquished Creatures
  Grinder (D:3)
  Grum (D:9)
  2 porcupines (D:8)
  A sky beast (D:4)
  An ice beast (D:5)
  2 orc warriors (D:7)
  3 ogres
  A centaur (D:9)
  2 wolves (D:9)
  A gnoll sergeant (D:8)
  2 bullfrogs (D:9)
  4 wights (D:9)
  A howler monkey (D:6)
  2 bullfrog zombies
  A hound (D:9)
  2 orc priests
  A gnoll shaman (D:5)
  A centaur skeleton (D:8)
  2 jellies
  4 orc wizards
  Jessica (D:3)
  Natasha (thrice) (D:3)
  An iguana (D:5)
  4 worker ants
  A hound zombie (D:5)
  A worker ant zombie (D:5)
  6 adders
  6 gnolls
  A howler monkey skeleton (D:8)
  2 white imps (D:9)
  4 ufetubi
  A dart slug (D:2)
  A worm (D:4)
  3 leopard geckos
  11 orcs
  6 giant cockroaches
  10 goblins
  9 hobgoblins
  4 jackals (D:3)
  A quokka (D:5)
  11 bats
  8 frilled lizards
  2 kobolds
  A quokka zombie (D:5)
  6 rats
139 creatures vanquished.

Vanquished Creatures (others)
  A howler monkey (D:6)
  A jackal (D:6)
2 creatures vanquished.

Grand Total: 141 creatures vanquished

Notes
Turn   | Place    | Note
-------+----------+-------------------------------------------
     0 | D:1      | grandjackal the Demonspawn Hedge Wizard began the quest for
                  | the Orb.
     0 | D:1      | Reached XP level 1. HP: 13/13 MP: 4/4
   392 | D:1      | Reached skill level 1 in Fighting
   402 | D:1      | Gained mutation: You are partially covered in rugged brown
                  | scales. (AC +1, +3% HP) [demonic ancestry]
   402 | D:1      | Reached XP level 2. HP: 13/21 MP: 1/6
   592 | D:1      | Learned a level 2 spell: Call Imp
   595 | D:1      | Learned a level 2 spell: Blink
  1299 | D:2      | Gained mutation: You are partially covered in sharp spines.
                  | [demonic ancestry]
  1299 | D:2      | Reached XP level 3. HP: 26/26 MP: 7/7
  1453 | D:2      | Found a stormy altar of Qazlal.
  1556 | D:2      | Found a basalt altar of Yredelemnul.
  1556 | D:2      | Found a radiant altar of Vehumet.
  1556 | D:2      | Found a hazy altar of Hepliaklqana.
  1556 | D:2      | Found a bloodstained altar of Trog.
  1557 | D:2      | Reached skill level 1 in Armour
  1747 | D:2      | Found an iron altar of Okawaru.
  1977 | D:2      | Became a worshipper of Warmaster Okawaru
  2356 | D:3      | Found a broken altar of Ashenzari.
  2366 | D:3      | Reached XP level 4. HP: 24/33 MP: 8/8
  2575 | D:3      | Noticed Grinder
  2587 | D:3      | Paralysed by Grinder for 5 turns
  2594 | D:3      | Paralysed by Grinder for 5 turns
  2610 | D:3      | Paralysed by Grinder for 2 turns
  2614 | D:3      | Killed Grinder
  2614 | D:3      | Reached * piety under Okawaru
  2614 | D:3      | Reached skill level 2 in Invocations
  2614 | D:3      | Reached XP level 5. HP: 13/41 MP: 4/9
  2982 | D:3      | Gained mutation: Your flesh is cold resistant. (rC+)
                  | [demonic ancestry]
  2982 | D:3      | Reached XP level 6. HP: 42/48 MP: 10/10
  3237 | D:3      | Noticed Natasha
  3276 | D:3      | Killed Natasha
  3276 | D:3      | Reached skill level 3 in Invocations
  3508 | D:2      | Learned a level 3 spell: Conjure Flame
  3512 | D:2      | Learned a level 3 spell: Mephitic Cloud
  3575 | D:3      | Noticed Natasha
  3584 | D:3      | Killed Natasha
  3770 | D:3      | Noticed Jessica
  3778 | D:3      | Killed Jessica
  3890 | D:3      | Noticed Natasha
  3901 | D:3      | Killed Natasha
  4726 | D:4      | Found a glowing golden altar of the Shining One.
  4777 | D:5      | Entered Level 5 of the Dungeon
  4788 | D:5      | Noticed a sky beast
  4807 | D:4      | Killed a sky beast
  4807 | D:4      | Reached skill level 4 in Invocations
  4807 | D:4      | Reached XP level 7. HP: 8/54 MP: 8/11
  5333 | D:5      | Got an ancient spear
  5334 | D:5      | Identified the +9 spear of the Spectre {flame, Str+4 Int-5}
                  | (You found it on level 5 of the Dungeon)
  5507 | D:5      | Found a hide-covered altar of Uskayaw.
  5571 | D:5      | Reached ** piety under Okawaru
  5795 | D:5      | Found a sparkling altar of Nemelex Xobeh.
  5956 | D:5      | Reached skill level 5 in Invocations
  6092 | D:6      | Gained mutation: You have a pair of small horns on your
                  | head. [demonic ancestry]
  6092 | D:6      | Reached XP level 8. HP: 62/62 MP: 12/12
  6136 | D:6      | You fall into a shaft and drop 3 floors!
  6205 | D:9      | Reached skill level 5 in Conjurations
  6242 | D:9      | Reached skill level 5 in Fighting
  6350 | D:9      | Noticed Grum
  6356 | D:9      | Reached skill level 6 in Invocations
  6370 | D:9      | Killed Grum
  6370 | D:9      | Reached *** piety under Okawaru
  6773 | D:9      | Reached skill level 5 in Armour
  6795 | D:9      | Reached skill level 7 in Invocations
  6939 | D:8      | Gained mutation: You are immune to freezing clouds.
                  | [demonic ancestry]
  6939 | D:8      | Reached XP level 9. HP: 68/71 MP: 11/14
  7242 | D:7      | Reached **** piety under Okawaru
  7549 | D:7      | Found a blossoming altar of Fedhas.
  7577 | D:7      | Splashed by a jelly's acid

Illustrated notes

Levels and vault maps discovered:
D:1:      shiori_shiawase, layout_loops_ring, chequers_jeans
D:2:      layout_rooms, lemuel_coloured_pillars_altar,
          chequers_temple_overflow_statue_of_worship,
          nicolae_qazlal_general_emergency
D:3:      wad_crossroads, layout_loops_ring, old_standard_altar,
          minmay_circle_x, uniq_natasha, uniq_jessica, uniq_grinder
D:4:      layout_rooms, tso_oasis_becter
D:5:      layout_rooms, nemelex_xobeh_ov_fountains_minmay,
          eat_drink_and_be_merry_uskayaw, minmay_misc_feat_cross
D:6:      layout_rooms, zin_purify, xom_confusion_cloud, uniq_blork_the_orc
D:7:      layout_loops_ring, overflow_temple_1_default,
          minmay_temple_entry_butterflies, uniq_duvessa, uniq_harold
D:8:      layout_cave_pools, grunt_lair_entry_orc_guard_hut,
          chequers_serial_rivers_room_a, hangedman_tree_tricks,
          minmay_small_thing, uniq_pikel, uniq_gastronok, uniq_joseph
D:9:      layout_gridville, overflow_temple_1_default, david_orc_2, uniq_grum

Skill      XL: |  1  2  3  4  5  6  7  8  9 |
---------------+----------------------------+-----
Fighting       | 1 2 3 4 5 6 |  6.4
Conjurations   | 2 3 4 6 |  6.5
Armour         | 1 2 3 4 5 |  5.7
Invocations    | 2 4 5 7 |  7.9
Dodging        | |  1.7
Stealth        | |  1.7
Spellcasting   | |  3.0
Summonings     | |  1.0
Translocations | |  0.8

Action                   |  1- 3 |  4- 6 |  7- 9 || total
-------------------------+-------+-------+-------++-------
Melee: Dagger            |    23 |       |       ||    23
       Spear             |    95 |   124 |   190 ||   409
       Headbutt          |       |       |    16 ||    16
       Punch             |       |       |     1 ||     1
 Cast: Magic Dart        |    20 |    12 |     7 ||    39
       Call Imp          |       |     2 |       ||     2
       Conjure Flame     |       |       |     1 ||     1
Invok: Heroism           |       |       |     1 ||     1
Evoke: Wand              |       |       |     2 ||     2
  Use: Potion            |     2 |     4 |     2 ||     8
       Scroll            |       |     6 |     2 ||     8
 Stab: Sleeping          |     7 |     6 |     2 ||    15
       Paralysed         |       |       |     4 ||     4
Armor: Robe              |    17 |    20 |     8 ||    45
       Ring mail         |       |       |    47 ||    47
Dodge: Dodged            |    66 |    51 |   119 ||   236

Table legend: (Time is in decaauts)
 A = Elapsed time spent in this place.
 B = Non-inter-level travel time spent in this place.
 C = Inter-level travel time spent in this place.
 D = Time resting spent in this place.
 E = Time spent auto-exploring this place.
 F = Levels seen in this place.
 G = Mean time per level.
                   A        B        C        D        E       F      G
               +--------+--------+--------+--------+--------+-----+--------+
         Total |   7617 |   7362 |    255 |   3402 |   2896 |   9 |  846.3 |
       Dungeon |   7617 |   7362 |    255 |   3402 |   2896 |   9 |  846.3 |
               +--------+--------+--------+--------+--------+-----+--------+

Top non-repeatable levels by time:
     D:3: 1925 daAuts
     D:1: 1270 daAuts
     D:4: 1065 daAuts
     D:2: 982 daAuts
     D:9: 955 daAuts
     D:5: 867 daAuts
     D:7: 366 daAuts
     D:8: 127 daAuts
     D:6: 55 daAuts
